 Dungeon Crawl Stone Soup version 0.29-a0-284-gf9362112df (webtiles) character file.

Game seed: 16426592322445962643

18391 croobank the Blocker (level 12, -5/87 HPs)
             Began as a Gnoll Fighter on Apr 1, 2022.
             Was an Elder of Hepliaklqana.
             Slain by Snorg (13 damage)
             ... on level 11 of the Dungeon.
             The game lasted 00:58:28 (12384 turns).

croobank the Blocker (Gnoll Fighter)               Turns: 12384, Time: 00:58:28

Health: -5/87      AC: 37    Str: 15    XL:     12   Next: 58%
Magic:  32/32      EV: 10    Int: 12    God:    Hepliaklqana [****..]
Gold:   495        SH: 16    Dex: 15    Spells: 17/25 levels left

rFire   . . .      SeeInvis .   a - +3 war axe (venom)
rCold   . . .      Faith    .   n - +0 kite shield
rNeg    + . .      Spirit   .   c - +13 plate armour of Cire {Will+ MP+9 Str-2 Int+4}
rPois   .          Reflect  +   o - +2 helmet
rElec   .          Harm     .   k - +0 cloak
rCorr   .          Rampage  .   j - +0 pair of gloves
Will    ++++.                   R - +2 pair of boots
Stlth   ..........              S - amulet "Uxan" {Reflect Will+ SH+5}
HPRegen 0.24/turn               m - ring of positive energy
MPRegen 0.23/turn               p - ring of the Equinox {Will++ EV+4}

@: no status effects
A: reduced essence, fangs 1, strong nose, distributed training
a: Renounce Religion, Recall Ancestor, Ancestor Identity, Transference, Idealise


You were on level 11 of the Dungeon.
You worshipped Hepliaklqana.
Hepliaklqana was greatly pleased with you.
You visited 1 branch of the dungeon, and saw 11 of its levels.
You also visited: Sewer.

You collected 591 gold pieces.
You spent 96 gold pieces at shops.

Inventory:

Hand Weapons
 a - a +3 war axe of venom (weapon)
 b - a +1 hunting sling of flaming
 d - a +0 scythe
 v - a +0 battleaxe
 E - a +2 dagger of speed
 G - a +3 dagger of holy wrath
 H - a +0 hand crossbow
 L - a +4 trident
 M - a +1 morningstar
Missiles
 s - 41 poisoned darts
 x - 2 throwing nets
 D - 11 boomerangs
 P - a curare-tipped dart (quivered)
Armour
 c - the +13 plate armour of Cire (worn) {Will+ MP+9 Str-2 Int+4}
   (You acquired it on level 6 of the Dungeon)

   Str:       It affects your strength (-2).
   Int:       It affects your intelligence (+4).
   MP:        It affects your magic capacity (+9).
   Will:      It increases your willpower.
 j - a +0 pair of gloves (worn)
 k - a +0 cloak (worn)
 n - a +0 kite shield (worn)
 o - a +2 helmet (worn)
 R - a +2 pair of boots (worn)
Jewellery
 m - a ring of positive energy (left hand)
 p - the ring of the Equinox (right hand) {Will++ EV+4}
   (You found it on level 2 of the Dungeon)

   [ring of evasion]

   EV:        It affects your evasion (+4).
   Will:      It greatly increases your willpower.
 w - an amulet of faith
 S - the amulet "Uxan" (around neck) {Reflect Will+ SH+5}
   (You acquired it on level 11 of the Dungeon)

   [amulet of reflection]

   It reflects blocked missile attacks.
   SH:        It affects your SH (+5).
   Will:      It increases your willpower.
Wands
 g - a wand of iceblast (6)
 y - a wand of polymorph (17)
 A - a wand of digging (7)
 F - a wand of paralysis (15)
 Q - a wand of charming (5)
Scrolls
 f - 4 scrolls of teleportation
 i - a scroll of magic mapping
 l - 3 scrolls of fog
 I - 4 scrolls of identify
 J - a scroll of brand weapon
Potions
 e - 2 potions of haste
 h - a potion of cancellation
 q - 2 potions of brilliance
 r - 5 potions of magic
 u - a potion of invisibility
 z - a potion of attraction {unknown}
 B - a potion of ambrosia
 C - 5 potions of curing
 N - 2 potions of lignification {unknown}
 O - 3 potions of mutation


   Skills:
 + Level 10.0 Fighting
 + Level 7.4 Short Blades
 + Level 7.4 Long Blades
 + Level 8.8 Axes
 + Level 7.4 Maces & Flails
 + Level 7.4 Polearms
 + Level 7.4 Staves
 + Level 7.4 Slings
 + Level 7.4 Bows
 + Level 7.4 Crossbows
 + Level 7.4 Throwing
 + Level 10.0 Armour
 + Level 7.4 Dodging
 + Level 7.4 Stealth
 + Level 10.0 Shields
 + Level 7.4 Unarmed Combat
 + Level 7.4 Spellcasting
 + Level 6.1 Conjurations
 + Level 6.1 Hexes
 + Level 6.1 Summonings
 + Level 6.1 Necromancy
 + Level 6.1 Translocations
 + Level 6.1 Transmutations
 + Level 6.1 Fire Magic
 + Level 6.1 Ice Magic
 + Level 6.1 Air Magic
 + Level 6.1 Earth Magic
 + Level 6.1 Poison Magic
 + Level 8.1 Invocations
 + Level 7.4 Evocations


You had 17 spell levels left.
You knew the following spells:

 Your Spells              Type           Power      Damage    Failure   Level
a - Dazzling Flash        Conj/Hex       38%        N/A       97%         3
b - Silence               Hex/Air        9%         N/A       100%        5

Your spell library contained the following spells:

 Spells                   Type           Power      Damage    Failure   Level
 Sublimation of Blood     Necr           19%        N/A       85%         2
 Wereblood                Tmut           19%        N/A       85%         2
 Conjure Flame            Conj/Fire      19%        6-21      97%         3
 Gell's Gravitas          Tloc           19%        N/A       97%         3
 Ignite Poison            Fire/Tmut/Pois 19%        N/A       97%         3
 Teleport Other           Tloc           19%        N/A       97%         3
 Sticky Flame             Conj/Fire      19%        2d4       100%        4
 Summon Ice Beast         Ice/Summ       19%        N/A       100%        4
 Agony                    Necr           19%        N/A       100%        5
 Summon Mana Viper        Hex/Summ       19%        N/A       100%        5
 Conjure Ball Lightning   Conj/Air       9%         3x3d6     100%        6
 Dispersal                Tloc           9%         N/A       100%        6
 Monstrous Menagerie      Summ           9%         N/A       100%        7
 Summon Hydra             Summ           9%         N/A       100%        7
 Discord                  Hex            9%         N/A       100%        8
 Disjunction              Tloc           9%         N/A       100%        8


Dungeon Overview and Level Annotations

Branches:
Dungeon (11/15)            Temple (0/1) D:7             Orc (0/2) D:11
  Sewer (visited)
   Lair: D:8-11

Altars:
Ashenzari
Fedhas
Hepliaklqana
Nemelex Xobeh
Trog
Vehumet
Yredelemnul

Shops:
D:9 *

Annotations:
D:11 Snorg


Innate Abilities, Weirdness & Mutations

Your life essence is reduced to manifest your ancestor. (-10% HP)
You have very sharp teeth.
Your uncanny sense of smell can sniff out nearby items.
Your experience applies equally to all skills.


Message History

Snorg is moderately wounded.
Snorg barely misses you. You block Snorg's attack. Snorg closely misses you.
Snorg bites you! Snorg claws you but does no damage. x2
You feel much better.
You flicker back into view.
You block Snorg's attack. x2; Snorg barely misses you.
You slash Snorg! You bite Snorg, but do no damage.
Snorg is moderately wounded.
You block Snorg's attack. Snorg claws you but does no damage.
You block Snorg's attack. Snorg bites you but does no damage.
You block Snorg's attack. Snorg completely misses you.
You hit Snorg.
Snorg looks as sick as possible!
You bite Snorg.
Snorg is moderately wounded.
You block Snorg's attack. Snorg claws you but does no damage. x2
Snorg barely misses you. x2; Snorg claws you but does no damage.
You hit Snorg.
Snorg looks as sick as possible!
Snorg is moderately wounded.
You block Snorg's attack. x2; Snorg claws you but does no damage.
You hit Snorg.
Snorg looks as sick as possible!
Snorg is heavily wounded.
Snorg closely misses you. Snorg claws you! You block Snorg's attack. x2
Snorg claws you but does no damage. Snorg claws you!
You hit Snorg.
Snorg is heavily wounded.
Snorg bites you but does no damage. Snorg completely misses you.
Snorg claws you. Snorg bites you but does no damage. You block Snorg's attack.
Snorg misses you.
You slash Snorg!
Snorg looks as sick as possible!
Snorg is heavily wounded.
You block Snorg's attack. Snorg claws you but does no damage. x2
You block Snorg's attack. Snorg barely misses you. Snorg closely misses you.
You slash Snorg!
Snorg looks as sick as possible!
Snorg is heavily wounded.
Snorg barely misses you. You block Snorg's attack. Snorg claws you.
Snorg bites you!!
* * * LOW HITPOINT WARNING * * *
Snorg claws you!
* * * LOW HITPOINT WARNING * * *
Snorg claws you!
You die...

. #............#......# .
#............#.####.# .
#............#.# #.# .
#............#.####.# .
########'#####......# #
#######..............#
#.....#...........#..#
#.....#.#####.....#..#
#.....#@#####.....#..# ######
#.##..#.T............#
.....#####.##..#######........#
.....#.....##........#.#####..#
.....#.....##........#.#####..#
.....#.....##..))....#........#
.....###...##.>.####.#........#
####'###...##...#########.....#
##.........#.......)....#.....#


You could see Snorg (berserk, extremely poisoned).

Vanquished Creatures
  A boulder beetle (D:11)
  A centaur warrior (D:10)
  A death yak (D:11)
  A deep elf knight (D:10)
  Nergalle (D:11)
  An orc knight (D:10)
  3 manticores
  A freezing wraith (D:10)
  A troll (D:9)
  Grinder (D:3)
  Sigmund (D:2)
  A shadow (D:11)
  10 yaks
  A steam dragon (D:9)
  3 water moccasins
  2 orc warriors (D:11)
  A sky beast (D:8)
  A boggart (D:10)
  4 centaurs
  An ogre (D:5)
  3 bullfrogs
  A kobold brigand (D:8)
  2 gnoll sergeants
  A scorpion (D:4)
  A wight (D:8)
  A howler monkey (D:5)
  4 bullfrog zombies (D:5)
  3 centaur zombies (D:9)
  A hound (D:6)
  2 jellies
  A gnoll shaman (D:4)
  A bullfrog skeleton (D:5)
  5 orc priests
  Jessica (D:2)
  A scorpion zombie (D:5)
  Terence (D:2)
  4 orc wizards
  A killer bee zombie (D:5)
  A hound zombie (D:5)
  A hound skeleton (D:5)
  3 howler monkey zombies
  Robin (D:3)
  14 gnolls
  6 adders
  12 river rats
  2 white imps
  An ufetubus (D:6)
  5 worms
  4 dart slugs
  25 orcs
  12 ball pythons
  6 bats
  6 endoplasms
  2 giant cockroaches
  10 goblins
  9 hobgoblins
  4 jackals (D:1)
  4 quokkas
  2 frilled lizards
  22 kobolds
  22 rats
245 creatures vanquished.

Vanquished Creatures (collateral kills)
  A hydra (D:10)
  2 two-headed ogres (D:10)
  A centaur warrior (D:10)
  A tengu warrior (D:9)
  Pikel (D:6)
  An orc knight (D:10)
  An unseen horror (D:7)
  A hornet (D:10)
  2 wraiths
  A shadow (D:11)
  A vampire (D:9)
  8 yaks
  2 steam dragons
  4 vampire mosquitoes (D:11)
  Menkaure (D:7)
  3 orc warriors
  An ice beast (D:6)
  A sky beast (D:5)
  An ogre (D:6)
  A lemure (D:6)
  4 bullfrogs
  A gnoll sergeant (D:9)
  3 scorpions
  A water moccasin skeleton (D:5)
  3 wights (D:8)
  A howler monkey (D:8)
  2 centaur zombies (D:9)
  A bullfrog zombie (D:5)
  An orc priest (D:10)
  A gnoll shaman (D:6)
  2 iguanas
  6 orc wizards
  A hound skeleton (D:5)
  2 howler monkey zombies (D:9)
  3 gnolls
  An adder (D:5)
  A river rat (D:11)
  A shadow imp (D:6)
  A white imp (D:7)
  An adder zombie (D:5)
  12 orcs
  2 jackals (D:4)
  3 kobolds (D:8)
89 creatures vanquished.

Vanquished Creatures (others)
  8 battlemagi
  5 ancestors
  13 plants (D:6)
  3 withered plants (D:5)
29 creatures vanquished.

Grand Total: 363 creatures vanquished

Notes
Turn   | Place    | Note
-------+----------+-------------------------------------------
     0 | D:1      | croobank the Gnoll Fighter began the quest for the Orb.
     0 | D:1      | Reached XP level 1. HP: 23/23 MP: 1/1
   110 | D:1      | Reached XP level 2. HP: 29/29 MP: 2/2
   305 | D:1      | Found a faded altar of an unknown god.
   651 | D:1      | Reached XP level 3. HP: 35/35 MP: 3/3
   773 | D:1      | Learned a level 3 spell: Dazzling Flash
   888 | D:2      | Identified the ring of the Equinox {Will++ EV+4}
   904 | D:2      | Noticed Sigmund
   912 | D:2      | Killed Sigmund
   913 | D:2      | Reached skill level 1 in Short Blades
   913 | D:2      | Reached skill level 1 in Long Blades
   913 | D:2      | Reached skill level 1 in Maces & Flails
   913 | D:2      | Reached skill level 1 in Polearms
   913 | D:2      | Reached skill level 1 in Staves
   913 | D:2      | Reached skill level 1 in Slings
   913 | D:2      | Reached skill level 1 in Bows
   913 | D:2      | Reached skill level 1 in Crossbows
   913 | D:2      | Reached skill level 1 in Throwing
   913 | D:2      | Reached skill level 1 in Dodging
   913 | D:2      | Reached skill level 1 in Stealth
   913 | D:2      | Reached skill level 1 in Unarmed Combat
   913 | D:2      | Reached skill level 1 in Spellcasting
   913 | D:2      | Reached skill level 1 in Conjurations
   913 | D:2      | Reached skill level 1 in Hexes
   913 | D:2      | Reached skill level 1 in Summonings
   913 | D:2      | Reached skill level 1 in Necromancy
   913 | D:2      | Reached skill level 1 in Translocations
   913 | D:2      | Reached skill level 1 in Transmutations
   913 | D:2      | Reached skill level 1 in Fire Magic
   913 | D:2      | Reached skill level 1 in Ice Magic
   913 | D:2      | Reached skill level 1 in Air Magic
   913 | D:2      | Reached skill level 1 in Earth Magic
   913 | D:2      | Reached skill level 1 in Poison Magic
   913 | D:2      | Reached skill level 1 in Invocations
   913 | D:2      | Reached skill level 1 in Evocations
   913 | D:2      | Reached XP level 4. HP: 37/41 MP: 3/6
   913 | D:2      | Reached XP level 5. HP: 43/47 MP: 3/7
   993 | D:2      | Noticed Jessica
   998 | D:2      | Killed Jessica
  1041 | D:2      | Noticed Terence
  1047 | D:2      | Killed Terence
  1048 | D:2      | Reached XP level 6. HP: 47/53 MP: 8/8
  1099 | D:2      | Found a hazy altar of Hepliaklqana.
  1108 | D:2      | Became a worshipper of Hepliaklqana the Forgotten
  1756 | D:3      | Noticed Grinder
  1769 | D:3      | Killed Grinder
  1770 | D:3      | Reached skill level 5 in Axes
  1770 | D:3      | Reached XP level 7. HP: 59/59 MP: 8/10
  2129 | D:3      | Found a glowing drain.
  2138 | Sewer    | Entered a sewer
  2589 | Sewer    | Learned a level 5 spell: Silence
  3485 | D:3      | Noticed Robin
  3495 | D:4      | Found a radiant altar of Vehumet.
  3731 | D:3      | Killed Robin
  3842 | D:3      | Reached XP level 8. HP: 65/67 MP: 12/12
  4442 | D:4      | Reached * piety under Hepliaklqana
  4872 | D:5      | Entered Level 5 of the Dungeon
  5811 | D:5      | Reached XP level 9. HP: 58/65 MP: 14/14
  6267 | D:6      | Reached ** piety under Hepliaklqana
  6268 | D:6      | Remembered your ancestor Decima as a battlemage
  6466 | D:6      | Identified a scroll of acquirement
  6468 | D:6      | Acquired the +13 plate armour of Cire {Will+ MP+9 Str-2
                  | Int+4}
  6729 | D:6      | Noticed Pikel
  6740 | D:6      | Killed Pikel
  6741 | D:6      | Reached skill level 5 in Invocations
  7049 | D:7      | Found a blossoming altar of Fedhas.
  7101 | D:7      | Reached XP level 10. HP: 72/72 MP: 17/17
  7195 | D:7      | Found a sparkling altar of Nemelex Xobeh.
  7195 | D:7      | Found a bloodstained altar of Trog.
  7270 | D:7      | Noticed Menkaure
  7275 | D:7      | Killed Menkaure
  7276 | D:7      | Reached skill level 5 in Short Blades
  7276 | D:7      | Reached skill level 5 in Long Blades
  7276 | D:7      | Reached skill level 5 in Maces & Flails
  7276 | D:7      | Reached skill level 5 in Polearms
  7276 | D:7      | Reached skill level 5 in Staves
  7276 | D:7      | Reached skill level 5 in Slings
  7276 | D:7      | Reached skill level 5 in Bows
  7276 | D:7      | Reached skill level 5 in Crossbows
  7276 | D:7      | Reached skill level 5 in Throwing
  7276 | D:7      | Reached skill level 5 in Dodging
  7276 | D:7      | Reached skill level 5 in Stealth
  7276 | D:7      | Reached skill level 5 in Unarmed Combat
  7276 | D:7      | Reached skill level 5 in Spellcasting
  7276 | D:7      | Reached skill level 5 in Evocations
  7460 | D:7      | Found a staircase to the Ecumenical Temple.
  7616 | D:7      | Killed an unseen horror
  8156 | D:8      | Found a broken altar of Ashenzari.
  8941 | D:9      | Found Faohiraos's General Store.
  8944 | D:9      | Reached *** piety under Hepliaklqana
  9201 | D:9      | Found a basalt altar of Yredelemnul.
  9232 | D:9      | Reached XP level 11. HP: 78/78 MP: 19/19
  9321 | D:9      | Noticed a tengu warrior
  9338 | D:9      | Killed a tengu warrior
  9339 | D:9      | Reached skill level 5 in Conjurations
  9339 | D:9      | Reached skill level 5 in Hexes
  9339 | D:9      | Reached skill level 5 in Summonings
  9339 | D:9      | Reached skill level 5 in Necromancy
  9339 | D:9      | Reached skill level 5 in Translocations
  9339 | D:9      | Reached skill level 5 in Transmutations
  9339 | D:9      | Reached skill level 5 in Fire Magic
  9339 | D:9      | Reached skill level 5 in Ice Magic
  9339 | D:9      | Reached skill level 5 in Air Magic
  9339 | D:9      | Reached skill level 5 in Earth Magic
  9339 | D:9      | Reached skill level 5 in Poison Magic
  9587 | D:10     | Entered Level 10 of the Dungeon
  9985 | D:10     | Noticed a seven-headed hydra
  9991 | D:10     | Killed a seven-headed hydra
 10092 | D:10     | Noticed an orc knight
 10110 | D:10     | Killed an orc knight
 10114 | D:10     | Noticed a centaur warrior
 10116 | D:10     | Noticed a deep elf knight
 10127 | D:10     | Killed a centaur warrior
 10148 | D:10     | Noticed an orc knight
 10159 | D:10     | Killed an orc knight
 10482 | D:9      | Bought 3 scrolls of identify for 96 gold pieces
 10860 | D:10     | Noticed a two-headed ogre
 10863 | D:10     | Killed a two-headed ogre
 10947 | D:10     | Reached **** piety under Hepliaklqana
 11105 | D:10     | Noticed a two-headed ogre
 11111 | D:10     | Killed a two-headed ogre
 11170 | D:10     | Killed a deep elf knight
 11251 | D:10     | Noticed a manticore
 11251 | D:10     | Noticed a centaur warrior
 11256 | D:10     | Reached XP level 12. HP: 85/86 MP: 22/22
 11259 | D:10     | Killed a centaur warrior
 11636 | D:11     | Noticed a death yak
 11636 | D:11     | Noticed a boulder beetle
 11637 | D:11     | Noticed Snorg
 11639 | D:11     | Noticed a death yak
 11640 | D:11     | Noticed a death yak
 11660 | D:11     | Killed a boulder beetle
 11913 | D:11     | Acquired the amulet "Uxan" {Reflect Will+ SH+5}
 11986 | D:11     | Noticed Nergalle
 12009 | D:11     | Killed Nergalle
 12292 | D:11     | Found a staircase to the Orcish Mines.
 12369 | D:11     | Killed a death yak
 12370 | D:11     | Reached skill level 10 in Fighting
 12370 | D:11     | Reached skill level 10 in Armour
 12370 | D:11     | Reached skill level 10 in Shields
 12384 | D:11     | Slain by Snorg

Illustrated notes

Levels and vault maps discovered:
D:1:      minmay_arrival_nine_rooms, layout_loops_ring,
          hellmonk_ecumenical_altar_crossroads
D:2:      layout_loops_ring, basic_altar, minmay_hexomino_p4, uniq_terence,
          uniq_sigmund, uniq_jessica
D:3:      layout_loops_ring, portal_sewer_entry_a, uniq_robin, uniq_grinder
D:4:      layout_rooms, lemuel_crystal_altar, kennysheep_nub
D:5:      layout_cave_pools, serial_undead, serial_undead_b, serial_undead_d,
          serial_undead_a, serial_undead_c, serial_undead_b, serial_undead_f
D:6:      layout_rooms, nicolae_grassy_gnolls, uniq_pikel
D:7:      layout_gridville, mainiacjoe_overflow_surrounded_room,
          chequers_temple_overflow_statue_of_worship,
          minmay_temple_entry_overgrown, hangedman_decor_push, uniq_menkaure
D:8:      layout_basic, ashenzari_conservatory_becter, minmay_increasing_density
D:9:      layout_basic, nicolae_yredelemnul_corpse_copse, serial_shops,
          nicolae_take_the_stairs, serial_curves, eino_curves_02,
          eino_curves_01, eino_curves_03, eino_curves_01
D:10:     layout_grid_maze, minmay_evil_grid
D:11:     minmay_sliced_demisemicircle, layout_stronghold, dpeg_lair_monsters,
          minmay_rotating_lava, uniq_snorg, uniq_nergalle

Skill      XL: |  1  2  3  4  5  6  7  8  9 10 11 12 |
---------------+-------------------------------------+-----
Short Blades   | 1 2 3 4 5 6 7 |  7.4
Long Blades    | 1 2 3 4 5 6 7 |  7.4
Maces & Flails | 1 2 3 4 5 6 7 |  7.4
Polearms       | 1 2 3 4 5 6 7 |  7.4
Staves         | 1 2 3 4 5 6 7 |  7.4
Slings         | 1 2 3 4 5 6 7 |  7.4
Bows           | 1 2 3 4 5 6 7 |  7.4
Crossbows      | 1 2 3 4 5 6 7 |  7.4
Throwing       | 1 2 3 4 5 6 7 |  7.4
Dodging        | 1 2 3 4 5 6 7 |  7.4
Stealth        | 1 2 3 4 5 6 7 |  7.4
Unarmed Combat | 1 2 3 4 5 6 7 |  7.4
Spellcasting   | 1 2 3 4 5 6 7 |  7.4
Conjurations   | 1 2 3 4 5 6 |  6.1
Hexes          | 1 2 3 4 5 6 |  6.1
Summonings     | 1 2 3 4 5 6 |  6.1
Necromancy     | 1 2 3 4 5 6 |  6.1
Translocations | 1 2 3 4 5 6 |  6.1
Transmutations | 1 2 3 4 5 6 |  6.1
Fire Magic     | 1 2 3 4 5 6 |  6.1
Ice Magic      | 1 2 3 4 5 6 |  6.1
Air Magic      | 1 2 3 4 5 6 |  6.1
Earth Magic    | 1 2 3 4 5 6 |  6.1
Poison Magic   | 1 2 3 4 5 6 |  6.1
Invocations    | 1 2 3 4 5 6 7 8 |  8.1
Evocations     | 1 2 3 4 5 6 7 |  7.4
Axes           | 5 6 7 8 |  8.8
Fighting       | 7 8 9 10 | 10.0
Armour         | 7 8 9 10 | 10.0
Shields        | 7 8 9 10 | 10.0

Action                   |  1- 3 |  4- 6 |  7- 9 | 10-12 || total
-------------------------+-------+-------+-------+-------++-------
Melee: War axe           |    20 |    37 |   419 |   357 ||   833
       Bite              |       |     4 |    43 |    63 ||   110
       Morningstar       |       |       |       |     5 ||     5
 Fire: Hunting sling     |    39 |    26 |    45 |     5 ||   115
Throw: Dart              |       |       |       |     3 ||     3
Invok: Ancestor Life: Ba |       |       |     1 |       ||     1
  Use: Potion            |     1 |     1 |     1 |     5 ||     8
       Scroll            |       |    10 |    15 |    13 ||    38
 Stab: Distracted        |       |       |     4 |    10 ||    14
       Invisible         |       |       |       |     5 ||     5
Armor: Scale mail        |    24 |    26 |   192 |       ||   242
       Plate armour      |       |       |     9 |   317 ||   326
Dodge: Dodged            |    12 |    24 |   323 |   168 ||   527
Block: Buckler           |    14 |    11 |   143 |       ||   168
       Kite shield       |       |       |    34 |   284 ||   318

Table legend: (Time is in decaauts)
 A = Elapsed time spent in this place.
 B = Non-inter-level travel time spent in this place.
 C = Inter-level travel time spent in this place.
 D = Time resting spent in this place.
 E = Time spent auto-exploring this place.
 F = Levels seen in this place.
 G = Mean time per level.
                   A        B        C        D        E       F      G
               +--------+--------+--------+--------+--------+-----+--------+
         Total |  12669 |  12432 |    237 |   2270 |   7006 |  12 | 1055.8 |
       Dungeon |  11771 |  11534 |    237 |   2265 |   6427 |  11 | 1070.1 |
         Sewer |    898 |    898 |      0 |      5 |    579 |   1 |  898.0 |
               +--------+--------+--------+--------+--------+-----+--------+

Top non-repeatable levels by time:
    D:10: 1860 daAuts
     D:3: 1178 daAuts
     D:2: 1172 daAuts
     D:4: 1136 daAuts
     D:9: 1112 daAuts
     D:7: 1036 daAuts
     D:8: 915 daAuts
     D:5: 908 daAuts
     D:1: 902 daAuts
   Sewer: 898 daAuts
     D:6: 866 daAuts
    D:11: 680 daAuts
